 Seeded DCSS version 0.30-a0-364-gf6b3ef1049 (webtiles) character file.

Game seed: 15014602633729108710 (custom seed)

32 purpskrrrp the Sneak (level 3, -1/33 HPs)
             Began as a Hill Orc Delver on Nov 14, 2022.
             Was an Initiate of Beogh.
             Slain by an orc wizard
             ... wielding a +0 dagger
              (2 damage)
             ... on level 5 of the Dungeon.
             The game lasted 00:02:04 (91 turns).

purpskrrrp the Sneak (Hill Orc Delver)                Turns: 91, Time: 00:02:04

Health: -1/33      AC:  3    Str: 16    XL:     3   Next: 25%
Magic:  3/3        EV: 11    Int: 10    God:    Beogh [......]
Gold:   0          SH:  0    Dex: 12    Spells: 2/2 levels left

rFire   . . .      SeeInvis .    a - +0 hand axe
rCold   . . .      Faith    .    (no shield)
rNeg    . . .      Spirit   .    b - +0 leather armour
rPois   .          Reflect  .    (no helmet)
rElec   .          Harm     .    (no cloak)
rCorr   .          Rampage  .    (no gloves)
Will    .....                    (no boots)
Stlth   ++........               (no amulet)
HPRegen 0.25/turn                (no ring)
MPRegen 0.08/turn                (no ring)

@: no status effects
A: no striking features
a: Renounce Religion


You were on level 5 of the Dungeon.
You worshipped Beogh.
Beogh was noncommittal.
You visited 1 branch of the dungeon, and saw 1 of its levels.

Inventory:

Hand Weapons
 a - a +0 hand axe (weapon)
Armour
 b - a +0 leather armour (worn)
Wands
 g - a wand of digging (3)
Scrolls
 c - a scroll of fog
 d - a scroll of magic mapping
 e - a scroll of fear


   Skills:
 + Level 4.0 Fighting
 + Level 3.3 Axes
 + Level 2.0 Dodging
 + Level 4.3 Stealth


You had 2 spell levels left.
You didn't know any spells.
Your spell library was empty.

Dungeon Overview and Level Annotations

Branches:
Dungeon (5/15)
 Temple: D:4-7

Altars:


Message History

You have reached level 3!
Your experience leads to an increase in your attributes!
Increase (S)trength, (I)ntelligence, or (D)exterity?
You feel stronger. x2
You see here a +0 mace.
An orc is nearby!
Are you sure you want to stumble around while confused and next to the non-hostile orc priest?
Items here: )) [ †.
Are you sure you want to stumble around while confused and next to the non-hostile orc priest?
You bump into the rock wall.
Your extra speed is starting to run out.
Are you sure you want to stumble around while confused and next to the non-hostile orc priest?
The orc priest closely misses the orc.
The orc priest barely misses something.
You barely miss the orc.
You feel less confused. The orc misses you.
The orc priest hits the orc with a +0 mace!
The orc dies!
You hit the orc.
The orc is heavily wounded.
You closely miss the orc.
The orc is heavily wounded.
The orc priest hits the orc with a +0 mace.
The orc dies!
You start resting.
The orc priest hits something with a +0 mace.
Something hits you.
* * * LOW HITPOINT WARNING * * *
You miss something.
You feel yourself slow down.
The orc priest hits something but does no damage.
Something hits you but does no damage.
You hit something.
The orc priest hits something with a +0 mace.
Something hits you.
* * * LOW HITPOINT WARNING * * *
You hit something. Something hits you.
You die...
Beogh appreciates something's killing of a heretic priest.

#.# #......... #.#
#.###.###. #.#
##.##...##. #.#
#..#.....#.
#.###..##..>##.
####.o....###.###.
#....ooo..# ### #.
#.#######.#######.
#@# #.........
#)## ###o######
#).# #o# ##o# ...
#)# o..o. .).
o...... ...##
......... .)...
...$......+ #....#
#..........#


You could see a neutral orc priest (wandering).

Vanquished Creatures
  An orc wizard (D:5)
  An orc (D:5)
2 creatures vanquished.

Vanquished Creatures (others)
  4 orc wizards (D:5)
  6 orcs (D:5)
10 creatures vanquished.

Grand Total: 12 creatures vanquished

Notes
Turn   | Place    | Note
-------+----------+-------------------------------------------
     0 | D:5      | purpskrrrp the Hill Orc Delver began the quest for the Orb.
     0 | D:5      | Reached XP level 1. HP: 19/19 MP: 1/1
    26 | D:5      | Noticed an orc wizard
    40 | D:5      | Noticed an orc priest
    41 | D:5      | Noticed an orc wizard
    42 | D:5      | Became a worshipper of Beogh the Brigand
    42 | D:5      | Noticed an orc wizard
    42 | D:5      | Noticed an orc wizard
    51 | D:5      | Noticed an orc wizard
    52 | D:5      | Noticed an orc wizard
    53 | D:5      | Killed an orc wizard
    54 | D:5      | Killed an orc wizard
    61 | D:5      | Killed an orc wizard
    62 | D:5      | Reached XP level 2. HP: 21/27 MP: 2/2
    80 | D:5      | Reached XP level 3. HP: 3/33 MP: 3/3
    88 | D:5      | HP: 1/33 [something (3)]
    91 | D:5      | Slain by an orc wizard

Illustrated notes

Levels and vault maps discovered:
D:5:      layout_loops_corners, nicolae_qazlal_eye_of_the_storm

Skill      XL: |  1  2 |
---------------+-------+-----
Axes           | 3 |  3.3
Fighting       | 4 |  4.0
Dodging        | 2 |  2.0
Stealth        | |  4.3

Action                   || total
-------------------------++-------
Melee: Hand axe          ||    22
Invok: Convert to Beogh  ||     1
  Use: Potion            ||     1
Armor: Leather armour    ||     3
Dodge: Dodged            ||     6

Table legend: (Time is in decaauts)
 A = Elapsed time spent in this place.
 B = Non-inter-level travel time spent in this place.
 C = Inter-level travel time spent in this place.
 D = Time resting spent in this place.
 E = Time spent auto-exploring this place.
 F = Levels seen in this place.
 G = Mean time per level.
                   A        B        C        D        E       F      G
               +--------+--------+--------+--------+--------+-----+--------+
         Total |     74 |     74 |      0 |      0 |     26 |   1 |   74.0 |
       Dungeon |     74 |     74 |      0 |      0 |     26 |   1 |   74.0 |
               +--------+--------+--------+--------+--------+-----+--------+

Top non-repeatable levels by time:
     D:5: 74 daAuts
